AoeStats
← JamesNewstedd

Hideout

509586501Analyzed
1v1 RM · 4d ago on Sep 27, 2026· 45m 31s· 2 players
Game mode
Random Map
Map size
Tiny (2 player)
Population
200
Speed
Normal
Resources
Standard
Victory
Conquest
Starting age
Dark Age
Ending age
Imperial Age
RankedLock teamsTeams togetherTeam positionsShared explorationLock speedFull tech treeHidden civsTurbo modeCheats
Victory
Defeat
🇨🇳 Bengalis · China
1799
+15
🇩🇪 Armenians · Germany
1769
-15
JamesNewstedd
6:42 Loom
8:55 Feudal Age
9:14 Man-at-Arms
10:11 Double-Bit Axe
11:28 Horse Collar
13:28 Wheelbarrow
14:25 Arson
14:02 Long Swordsman
20:03 Castle Age
18:24 Gold Mining
19:43 Forging
21:25 Gold Shaft Mining
21:01 Bow Saw
21:25 Heavy Plow
23:32 Gold Shaft Mining
28:55 Hand Cart
28:37 Stone Mining
32:26 Imperial Age
29:43 Town Watch
31:14 Scale Mail Armor
31:52 Fervor
31:55 Squires
32:33 Iron Casting
32:13 Chain Mail Armor
32:19 Pikeman
32:45 Gambesons
32:21 Two-Handed Swordsman
34:14 Halberdier
34:14 Champion
36:02 Conscription
38:40 Blast Furnace
38:13 Plate Mail Armor
38:26 Treadmill Crane
39:42 Fletching
43:02 Blast Furnace
43:32 Bodkin Arrow
44:53 Bracer
她说我闷骚
7:39 Loom
9:53 Feudal Age
16:42 Castle Age
15:30 Double-Bit Axe
15:59 Horse Collar
16:49 Loom
19:07 Fletching
23:09 Bow Saw
25:07 Padded Archer Armor
25:00 Town Watch
25:20 Bodkin Arrow
29:03 Ballistics
29:48 Padded Archer Armor
31:44 Wheelbarrow
31:56 Heavy Plow
31:47 Gold Mining
35:30 Imperial Age
34:08 Hand Cart
33:53 Town Patrol
34:21 Bloodlines
34:11 Husbandry
34:51 Town Patrol
35:16 Leather Archer Armor
36:16 Bracer
36:47 Ring Archer Armor
37:25 Chemistry
37:19 Elite Ratha (Ranged)
38:04 Paiks
38:20 Conscription
42:51 Mahayana
42:01 Elite Elephant Archer
43:49 Guilds
Connection lost

Rejoining the realm…

Still unreachable

The connection could not be restored.

Session expired

The server has moved on; the page needs a fresh start.